 Dungeon Crawl Stone Soup version 0.26-a0-1205-g4083c211ab (webtiles) character file.

Game seed: 13852709072227734304

10 sahdkjhfkaj the Skirmisher (level 2, -1/27 HPs)
             Began as a Formicid Wanderer on Dec 29, 2020.
             Slain by a hobgoblin
             ... wielding a +0 spear
              (7 damage)
             ... on level 1 of the Dungeon.
             The game lasted 00:00:50 (359 turns).

sahdkjhfkaj the Skirmisher (Formicid Wanderer)       Turns: 359, Time: 00:00:51

Health: -1/27      AC:  2    Str: 17    XL:     2   Next: 30%
Magic:  2/2        EV: 11    Int: 11    God:
Gold:   5          SH:  0    Dex:  9    Spells: 1/1 levels left

rFire    . . .     SeeInvis +   a - +2 quarterstaff
rCold    . . .     Faith    .   (no shield)
rNeg     . . .     Spirit   .   d - +0 robe
rPois    .         Reflect  .   (helmet unavailable)
rElec    .         Harm     .   (no cloak)
rCorr    .         Rampage  .   (no gloves)
Will     .....                  (no boots)
Stlth    +.........             (no amulet)
HPRegen  0.09/turn              (no ring)
MPRegen  0.08/turn              (no ring)

@: no status effects
A: permanent stasis, dig shafts and tunnels, four strong arms, antennae 3
a: Dig, Shaft Self


You were on level 1 of the Dungeon.
You visited 1 branch of the dungeon, and saw 1 of its levels.

You collected 5 gold pieces.

Inventory:

Hand Weapons
 a - a +2 quarterstaff (weapon)
Armour
 d - a +0 robe (worn)
Scrolls
 e - a scroll of teleportation {unknown}
Potions
 b - a potion of curing
 c - a potion of lignification


   Skills:
 + Level 5.0 Fighting
 - Level 1.0 Staves
 - Level 1.0 Throwing
 - Level 3.2 Armour
 - Level 1.2 Stealth


You had one spell level left.
You didn't know any spells.
Your spell library was empty.

Dungeon Overview and Level Annotations

Branches:
Dungeon (1/15)

Altars:


Innate Abilities, Weirdness & Mutations

You cannot be hasted, slowed, berserked, paralysed or teleported.
You can dig through walls and to a lower floor.
Your four strong arms can wield two-handed weapons with a shield.
You have a pair of large antennae on your head. (SInv)


Message History

The hobgoblin misses you.
You sock the dart slug!
You kill the dart slug!
The hobgoblin hits you from afar with a +0 spear.
Your Fighting skill increases to level 5!
The hobgoblin hits you with a +0 spear.
You see here a dart slug corpse.
You barely miss the hobgoblin. The hobgoblin closely misses you.
The hobgoblin hits you with a +0 spear.
You completely miss the hobgoblin. The hobgoblin closely misses you.
A hobgoblin is nearby!
You hit the hobgoblin.
The hobgoblin is lightly wounded.
The hobgoblin hits you with a +0 spear!
* * * LOW HITPOINT WARNING * * *
The hobgoblin hits you from afar with a +0 spear.
* * * LOW HITPOINT WARNING * * *
Unknown command.
The hobgoblin hits you with a +0 spear!
You die...

..)#..###.####.#.#
####..# ### #.#.#
#..# #.#.# #..#
#.#.# #..#
####.#.## #..#
##.....).# #..#
.........# #..#
##>##.#..# #
#.#@.# #.#.g# #
#..# #..# #..)
#.### #.# ...


You could see a hobgoblin.

Vanquished Creatures
  A dart slug (D:1)
  A giant cockroach (D:1)
  2 hobgoblins (D:1)
  A bat (D:1)
  2 frilled lizards (D:1)
  A kobold (D:1)
  A rat (D:1)
9 creatures vanquished.

Notes
Turn   | Place    | Note
-------+----------+-------------------------------------------
     0 | D:1      | sahdkjhfkaj the Formicid Wanderer began the quest for the
                  | Orb.
     0 | D:1      | sahdkjhfkaj set off with the following items: a +2
                  | quarterstaff, a potion of curing, a potion of
                  | lignification, a +0 robe
     0 | D:1      | Reached XP level 1. HP: 20/20 MP: 1/1
    98 | D:1      | Reached XP level 2. HP: 9/26 MP: 2/2
   354 | D:1      | Reached skill level 5 in Fighting
   359 | D:1      | Slain by a hobgoblin

Illustrated notes

Levels and vault maps discovered:
D:1:      ncdulo_smallfort, layout_loops_ring

Skill      XL: |  1  2 |
---------------+-------+-----
Fighting       | 5 |  5.0
Staves         | |  1.0
Throwing       | |  1.0
Armour         | |  3.2
Stealth        | |  1.2

Action                   || total
-------------------------++-------
Melee: Quarterstaff      ||    22
Armor: Robe              ||     4
Dodge: Dodged            ||    12

Table legend: (Time is in decaauts)
 A = Elapsed time spent in this place.
 B = Non-inter-level travel time spent in this place.
 C = Inter-level travel time spent in this place.
 D = Time resting spent in this place.
 E = Time spent auto-exploring this place.
 F = Levels seen in this place.
 G = Mean time per level.
                   A        B        C        D        E       F      G
               +--------+--------+--------+--------+--------+-----+--------+
         Total |    363 |    363 |      0 |      0 |    309 |   1 |  363.0 |
       Dungeon |    363 |    363 |      0 |      0 |    309 |   1 |  363.0 |
               +--------+--------+--------+--------+--------+-----+--------+

Top non-repeatable levels by time:
     D:1: 363 daAuts
